 Dungeon Crawl Stone Soup version 0.28-a0-850-g09de17f5b5 (webtiles) character file.

Game seed: 1178619510709645968

12724 croobank the Cleaver (level 11, -3/83 HPs)
             Began as a Demonspawn Delver on Nov 13, 2021.
             Was an Elder of Makhleb.
             Slain by a five-headed hydra (9 damage)
             ... on level 12 of the Dungeon on Nov 14, 2021.
             The game lasted 02:03:35 (14526 turns).

croobank the Cleaver (Demonspawn Delver)           Turns: 14526, Time: 02:03:36

Health: -3/83      AC: 15    Str: 18    XL:     11   Next: 66%
Magic:  0/19       EV:  7    Int: 12    God:    Makhleb [****..]
Gold:   433        SH:  0    Dex: 17    Spells: 18/21 levels left

rFire   + . .      SeeInvis .   A - +3 broad axe (venom)
rCold   + . .      Faith    .   B - +0 kite shield
rNeg    . . .      Spirit   +   z - +0 plate armour {rC+}
rPois   .          Reflect  +   (no helmet)
rElec   .          Harm     .   (no cloak)
rCorr   .          Rampage  .   F - +1 pair of gloves
Will    .....                   (no boots)
Stlth   ..........              s - amulet "Roczad" {Reflect rF+ Str+3 Dex+2 SH+5}
HPRegen 0.23/turn               m - ring of fire
MPRegen 0.32/turn               x - ring of ice

@: confused, slowed, very slow
A: magic shield, magic regeneration, magic link, sturdy frame 1, condensation
shield
a: Renounce Religion, Minor Destruction, Lesser Servant of Makhleb, Major
Destruction


You were on level 12 of the Dungeon.
You worshipped Makhleb.
Makhleb was greatly pleased with you.
You visited 2 branches of the dungeon, and saw 13 of its levels.

You collected 463 gold pieces.
You spent 30 gold pieces at shops.

Inventory:

Hand Weapons
 l - a +2 morningstar of flaming
 r - a +1 vorpal hand axe
 t - a +1 dagger of protection
 A - a +3 broad axe of venom (weapon)
 C - a +0 hand axe of freezing
 K - a +0 dagger of chaos
 M - a +3 short sword
 O - a +1 vorpal trident
Missiles
 n - 8 boomerangs (quivered)
 q - 194 stones
 w - 65 poisoned darts
Armour
 i - a +2 buckler
 o - a +0 scale mail
 z - a +0 plate armour of cold resistance (worn)
 B - a +0 kite shield (worn)
 D - a +1 chain mail of positive energy
 E - a +2 leather armour of fire resistance
 F - a +1 pair of gloves (worn)
 G - a +3 leather armour
 I - +0 acid dragon scales
Jewellery
 e - an amulet of regeneration
 m - a ring of fire (left hand)
 p - a ring of wizardry
 s - the amulet "Roczad" (around neck) {Reflect rF+ Str+3 Dex+2 SH+5}
   (You acquired it on level 6 of the Dungeon)

   [amulet of reflection]

   It reflects blocked missile attacks.
   Str:       It affects your strength (+3).
   Dex:       It affects your dexterity (+2).
   rF:        It protects you from fire.
   SH:        It affects your SH (+5).
 x - a ring of ice (right hand)
Wands
 g - a wand of digging (9)
 J - a wand of paralysis (29)
 N - a wand of iceblast (14)
Scrolls
 a - a scroll of brand weapon
 c - a scroll of fog
 d - 3 scrolls of magic mapping
 y - 4 scrolls of teleportation
 L - 2 scrolls of noise
 P - a scroll of amnesia
Potions
 f - a potion of brilliance
 j - a potion of ambrosia
 k - 2 potions of curing
 u - a potion of lignification
 v - a potion of mutation
Miscellaneous
 Q - a condenser vane


   Skills:
 + Level 6.7 Fighting
 + Level 9.8(9.9) Axes
 + Level 1.7(6.4) Maces & Flails
 + Level 1.8 Throwing
 + Level 6.2 Armour
 + Level 4.2 Dodging
 + Level 6.0 Stealth
 + Level 6.8 Shields
 + Level 1.2 Unarmed Combat
 * Level 5.7 Spellcasting
 + Level 3.0 Invocations
 * Level 3.0 Evocations


You had 18 spell levels left.
You knew the following spells:

 Your Spells              Type           Power      Damage    Failure   Level
a - Magic Dart            Conj           12%        1d3       100%        1
b - Searing Ray           Conj           6%         2d4       100%        2

Your spell library contained the following spells:

 Spells                   Type           Power      Damage    Failure   Level
 Summon Small Mammal      Summ           12%        N/A       100%        1
 Call Canine Familiar     Summ           3%         N/A       100%        3
 Inner Flame              Hex/Fire       5%         N/A       100%        3
 Ozocubu's Armour         Ice            5%         N/A       100%        3
 Summon Guardian Golem    Hex/Summ       3%         N/A       100%        3
 Swiftness                Air            3%         N/A       100%        3
 Cause Fear               Hex            1%         N/A       100%        4
 Fulminant Prism          Conj/Hex       1%         3d6       100%        4
 Summon Cactus Giant      Summ           1%         N/A       100%        6
 Malign Gateway           Summ/Tloc      1%         N/A       100%        7
 Ozocubu's Refrigeration  Ice            2%         4d5       100%        7
 Discord                  Hex            1%         N/A       100%        8
 Maxwell's Capacitive Co  Air            1%         ∞         100%        8
 Summon Horrible Things   Summ           1%         N/A       100%        8


Dungeon Overview and Level Annotations

Branches:
Dungeon (12/15)            Temple (0/1) D:6            Lair (1/6) D:11
    Orc (0/2) D:11

Altars:
Dithmenos
Elyvilon
Gozag
Hepliaklqana
Makhleb
Nemelex Xobeh
Qazlal
Uskayaw
Xom
Yredelemnul
The Shining One

Shops:
D:7 ?


Innate Abilities, Weirdness & Mutations

When hurt, damage is shared between your health and your magic reserves.
You regenerate magic rapidly.
When low on magic, you restore magic in place of health.
Your movements are slightly less encumbered by armour. (ER -2)
A meltable shield of frost defends you. (SH +0)


Message History

You feel better.
The deep elf pyromancer casts a spell.
The deep elf pyromancer blinks!
You block the fire elemental's attack.
The vampire drinks a potion.
The vampire seems to speed up.
The deep elf pyromancer casts a spell at you.
The bolt of fire hits you! You resist.
* * * LOW HITPOINT WARNING * * *
The fire elemental hits you. The fire elemental burns you! You resist.
* * * LOW HITPOINT WARNING * * *
Okay, then.
Okay, then.
Press: ? - help, Shift-Dir - straight line, f/p - deep elf pyromancer
Aim: a deep elf pyromancer, wielding a +0 rapier (severely wounded)
The bolt of acid hits the deep elf pyromancer!
The acid corrodes the deep elf pyromancer!
The deep elf pyromancer is almost dead.
The fire elemental hits you. The fire elemental burns you! You resist.
* * * LOW HITPOINT WARNING * * *
The fire elemental hits you. The fire elemental burns you! You resist.
* * * LOW HITPOINT WARNING * * *
The deep elf pyromancer casts a spell at you.
The sticky flame reflects off an invisible shield around you!
The sticky flame hits the deep elf pyromancer!
You kill the deep elf pyromancer!
Makhleb accepts your kill.
You feel better.
The fire elemental disappears in a puff of smoke! x2
The vampire gestures at you while chanting.
You are confused.
The five-headed hydra bites you.
* * * LOW HITPOINT WARNING * * *
The five-headed hydra bites you but does no damage.
The five-headed hydra barely misses you.
The five-headed hydra bites you!
* * * LOW HITPOINT WARNING * * *
The five-headed hydra bites you but does no damage.
Your Evocations skill increases to level 3!
The five-headed hydra bites you but does no damage. x3
The five-headed hydra bites you!
You die...

.. ..## ## ###.#.
.##. #.... ≈...
###...# ..#
##.....## [.#
#.......##.#
#..$@.○...###.#
#....D........#
#..<##.§○.....##
#..............#
#..............°#
##...##...)......
#... #..........
#.. ...........
## ............


You could see a five-headed hydra.

Vanquished Creatures
  A hydra (D:11)
  A boulder beetle (D:10)
  2 two-headed ogres (D:9)
  2 deep elf pyromancers (D:12)
  A manticore (D:11)
  Joseph (D:9)
  A black mamba (D:11)
  Maggie (D:8)
  2 gargoyles
  Psyche (D:8)
  An unseen horror (D:11)
  A komodo dragon (D:10)
  Sigmund (D:2)
  A shadow (D:11)
  2 wyverns (D:8)
  15 yaks
  Menkaure (D:7)
  3 vampire mosquitoes (D:10)
  2 water moccasins
  2 orc warriors
  A sky beast (D:5)
  2 black bears
  A necrophage (D:6)
  An ice beast (D:7)
  An ogre (D:6)
  3 phantoms
  3 centaurs
  A kobold brigand (D:10)
  A bullfrog (D:6)
  A gnoll sergeant (D:9)
  2 water moccasin zombies (D:5)
  2 scorpions
  A water moccasin skeleton (D:5)
  4 howler monkeys
  2 lava snakes (D:10)
  2 centaur zombies
  2 hounds
  2 bullfrog skeletons
  8 orc priests
  A gnoll shaman (D:4)
  2 centaur skeletons
  Natasha (thrice) (D:2)
  An iguana (D:4)
  5 orc wizards
  A hound skeleton (D:4)
  2 howler monkey zombies
  11 gnolls
  9 adders
  2 shadow imps (D:7)
  2 white imps
  2 ufetubi (D:5)
  An adder skeleton (D:4)
  A worm (D:4)
  2 dart slugs (D:1)
  36 orcs
  8 ball pythons
  6 endoplasms
  6 giant cockroaches
  6 hobgoblins
  3 jackals (D:4)
  2 quokkas (D:2)
  5 bats
  7 goblins
  10 kobolds
  4 rats
220 creatures vanquished.

Vanquished Creatures (others)
  10 plants (D:3)
10 creatures vanquished.

Grand Total: 230 creatures vanquished

Notes
Turn   | Place    | Note
-------+----------+-------------------------------------------
     0 | D:5      | croobank the Demonspawn Delver began the quest for the Orb.
     0 | D:5      | Reached XP level 1. HP: 18/18 MP: 1/1
    32 | D:4      | Reached skill level 5 in Stealth
    32 | D:4      | Gained mutation: Your movements are slightly less
                  | encumbered by armour. (ER -2) [demonic ancestry]
    32 | D:4      | Reached XP level 2. HP: 18/24 MP: 2/2
    73 | D:2      | Noticed Sigmund
   401 | D:1      | Gained mutation: A meltable shield of frost defends you.
                  | (SH +0) [demonic ancestry]
   401 | D:1      | Reached XP level 3. HP: 22/29 MP: 3/3
   673 | D:1      | Found a faded altar of an unknown god.
   679 | D:1      | Prayed at the altar of an unknown god.
   679 | D:1      | Became a worshipper of Makhleb the Destroyer
   679 | D:1      | Reached * piety under Makhleb
   710 | D:1      | Reached skill level 2 in Axes
  1109 | D:2      | Killed Sigmund
  1110 | D:2      | Reached skill level 1 in Shields
  1110 | D:2      | Gained mutation: You regenerate magic rapidly. [demonic
                  | ancestry]
  1110 | D:2      | Reached XP level 4. HP: 10/35 MP: 4/4
  1110 | D:2      | Reached XP level 5. HP: 11/41 MP: 5/5
  1610 | D:2      | Reached skill level 3 in Axes
  1782 | D:2      | Noticed Natasha
  1815 | D:2      | Killed Natasha
  1816 | D:2      | Reached XP level 6. HP: 26/47 MP: 6/6
  2037 | D:2      | Noticed Natasha
  2054 | D:2      | Killed Natasha
  2081 | D:2      | Noticed Natasha
  2117 | D:2      | Killed Natasha
  2916 | D:3      | Reached ** piety under Makhleb
  4505 | D:4      | Reached skill level 4 in Axes
  4505 | D:4      | Reached XP level 7. HP: 40/53 MP: 7/7
  4518 | D:4      | Reached skill level 1 in Armour
  5427 | D:5      | Learned a level 1 spell: Magic Dart
  5430 | D:5      | Learned a level 2 spell: Searing Ray
  5445 | D:5      | Reached skill level 5 in Axes
  5495 | D:5      | Gained mutation: When hurt, damage is shared between your
                  | health and your magic reserves. [demonic ancestry]
  5495 | D:5      | Reached XP level 8. HP: 33/60 MP: 8/8
  5979 | D:5      | Reached *** piety under Makhleb
  6323 | D:6      | Reached skill level 6 in Axes
  6375 | D:6      | Identified a scroll of acquirement
  6375 | D:6      | Acquired the amulet "Roczad" {Reflect rF+ Str+3 Dex+2 SH+5}
  7008 | D:6      | Found a staircase to the Ecumenical Temple.
  7733 | D:7      | Gained mutation: When low on magic, you restore magic in
                  | place of health. [demonic ancestry]
  7733 | D:7      | Reached XP level 9. HP: 63/67 MP: 9/9
  7834 | D:7      | Found Apnot's Magic Scroll Shop.
  7837 | D:7      | Bought a scroll of identify for 30 gold pieces
  7933 | D:7      | Reached skill level 7 in Axes
  8040 | D:7      | Noticed Menkaure
  8048 | D:7      | Killed Menkaure
  8049 | D:7      | Reached skill level 1 in Spellcasting
  8071 | D:7      | Found a basalt altar of Yredelemnul.
  8377 | D:8      | Reached skill level 5 in Fighting
  8422 | D:8      | Reached skill level 1 in Throwing
  8510 | D:8      | Found a stormy altar of Qazlal.
  8547 | D:8      | Noticed Psyche
  8628 | D:8      | Killed Psyche
  8752 | D:8      | Found a hide-covered altar of Uskayaw.
  8789 | D:8      | Noticed Maggie
  8809 | D:8      | Killed Maggie
  8810 | D:8      | Reached skill level 1 in Unarmed Combat
  9145 | D:8      | Found a shimmering altar of Xom.
  9151 | D:8      | Found a hazy altar of Hepliaklqana.
  9407 | D:9      | Noticed a gargoyle
  9416 | D:9      | Killed a gargoyle
  9417 | D:9      | Reached skill level 8 in Axes
  9524 | D:9      | Noticed a two-headed ogre
  9536 | D:9      | Killed a two-headed ogre
  9537 | D:9      | Reached skill level 1 in Invocations
  9537 | D:9      | Reached XP level 10. HP: 38/74 MP: 8/15
  9851 | D:9      | Found an opulent altar of Gozag.
  9879 | D:9      | Found a shadowy altar of Dithmenos.
 10050 | D:9      | Noticed a two-headed ogre
 10061 | D:9      | Killed a two-headed ogre
 10062 | D:9      | Reached skill level 5 in Shields
 10264 | D:9      | Noticed Joseph
 10275 | D:9      | Killed Joseph
 10276 | D:9      | Reached skill level 5 in Armour
 10629 | D:9      | Found a sparkling altar of Nemelex Xobeh.
 10856 | D:10     | Entered Level 10 of the Dungeon
 10940 | D:10     | Reached skill level 9 in Axes
 11381 | D:10     | Noticed a boulder beetle
 11394 | D:10     | Reached **** piety under Makhleb
 11422 | D:10     | Killed a boulder beetle
 11423 | D:10     | Reached skill level 5 in Spellcasting
 11423 | D:10     | Reached XP level 11. HP: 44/81 MP: 12/18
 11439 | D:10     | Reached skill level 1 in Evocations
 12715 | D:11     | Found a staircase to the Orcish Mines.
 12776 | D:11     | Got the Incunabulum of Gliding Creation
 12976 | D:11     | Found a staircase to the Lair.
 13259 | D:11     | shop
 13425 | Lair:1   | Entered Level 1 of the Lair of Beasts
 13426 | Lair:1   | Noticed a four-headed hydra
 14140 | D:11     | Killed a four-headed hydra
 14143 | D:11     | Reached skill level 1 in Maces & Flails
 14288 | Lair:1   | Noticed an eight-headed hydra
 14504 | D:12     | Noticed a deep elf pyromancer
 14513 | D:12     | Killed a deep elf pyromancer
 14518 | D:12     | Noticed a deep elf pyromancer
 14518 | D:12     | Noticed a five-headed hydra
 14525 | D:12     | Killed a deep elf pyromancer
 14526 | D:12     | Slain by a five-headed hydra

Illustrated notes

..^....#
#.#<#..########.....#)
#####'## #.###..#
#.......#.##. #.# #.#
#..# #.#####...#.. #.#
###.# #..###.######..###
#.# #...#
#..............# ####.##
#.### #.####.######..#
#.....# #...# #.# #....#
#..# #.....# ###.###.#
#....####..# # #.....###
#....@# #....##...># #
#.......#
#########....##.##.# #
#.....#.####
#.........##.##.# #
#..........#
#.##########.##.# #
#..........# #.# #.##.###
#..........#
#.##########.......
######.....#
#.##.........)..###
#.....###.##..>......####
# #.....'...##.........#
#


Turn 13259 on D:11: shop

Levels and vault maps discovered:
D:1:      minmay_arrival_arboretum_large, layout_basic,
          dreamdust_ecumenical_altar_angels_and_demons
D:2:      layout_loops_cross, uniq_natasha, uniq_sigmund
D:3:      layout_basic, serial_forest, infiniplex_forest_clump_medium,
          infiniplex_forest_diagonal, infiniplex_forest_end_3,
          infiniplex_forest_clump_curved, infiniplex_forest_lined_2,
          infiniplex_forest_straight_4, infiniplex_forest_straight_4
D:4:      layout_rooms, corner_web_ring, hangedman_decor_slide_cut,
          roderic_lattice_a, minmay_crystal_room
D:5:      layout_cave_pods, portal_sewer_entry_d
D:6:      layout_layer_cave
D:7:      layout_rooms, kennysheep_ying_yang, serial_shops,
          kennysheep_mini_moat, uniq_menkaure
D:8:      layout_cave_pools, lemuel_round_altar,
          nicolae_qazlal_eye_of_the_storm, minitemple, uniq_psyche, uniq_maggie
D:9:      layout_long_grid, nicolae_dithmenos_the_darkroom, lemuel_tele_altar,
          lemuel_doored_altar, uniq_joseph
D:10:     layout_cave_pods, abandoned_shop, minivault_1,
          kennysheep_small_spiral, corexii_leaking_fountain, minmay_misc_feat_x
D:11:     layout_basic, lair_entry_dummy, david_orc_2
D:12:     layout_cave_pools, amcnicky_mini_pool_small,
          pdpol_wu_jian_five_deadly_venoms, uniq_jorgrun
Lair:1:   layout_chaotic_city, gauntlet_entry_generic, disabler_island,
          lemuel_fruit_fields

Skill      XL: |  1  2  3  4  5  6  7  8  9 10 11 |
---------------+----------------------------------+-----
Stealth        | 5 6 |  6.0
Dodging        | 2 3 4 |  4.2
Axes           | 2 3 4 5 6 8 9 |  9.8
Shields        | 1 2 3 4 6 |  6.8
Armour         | 2 3 4 5 6 |  6.2
Fighting       | 4 5 6 |  6.7
Spellcasting   | 3 5 |  5.7
Throwing       | 1 |  1.8
Unarmed Combat | 1 |  1.2
Invocations    | 1 3 |  3.0
Evocations     | 3 |  3.0
Maces & Flails | 1 |  1.7

Action                   |  1- 3 |  4- 6 |  7- 9 | 10-12 || total
-------------------------+-------+-------+-------+-------++-------
Melee: Hand axe          |   108 |   280 |       |       ||   388
       Broad axe         |       |    18 |   338 |   243 ||   599
       War axe           |       |     1 |       |       ||     1
       Unarmed           |       |       |    14 |       ||    14
       Morningstar       |       |       |       |    22 ||    22
Throw: Boomerang         |       |       |    18 |     4 ||    22
       Dart              |       |       |     4 |       ||     4
       Throwing net      |       |       |     1 |     1 ||     2
Invok: Minor Destruction |       |       |     3 |     4 ||     7
       Lesser Servant of |       |       |       |     1 ||     1
       Major Destruction |       |       |       |     1 ||     1
Evoke: Wand              |       |       |       |    12 ||    12
  Use: Potion            |     3 |     4 |     7 |     6 ||    20
       Scroll            |     3 |     8 |    11 |     8 ||    30
 Stab: Sleeping          |     9 |     4 |     2 |       ||    15
       Held in net/web   |       |       |     1 |       ||     1
       Paralysed         |       |       |       |     3 ||     3
       Distracted        |       |       |       |     1 ||     1
Armor: Leather armour    |    31 |    15 |       |       ||    46
       Scale mail        |       |    67 |    61 |       ||   128
       Chain mail        |       |       |    65 |    14 ||    79
       Plate armour      |       |       |       |   135 ||   135
Dodge: Dodged            |    54 |   106 |   122 |    65 ||   347
Block: Buckler           |    38 |   140 |   153 |       ||   331
       Kite shield       |       |       |    87 |   336 ||   423
       Reflection        |       |       |     3 |    18 ||    21
       Other             |       |       |     4 |       ||     4

Table legend: (Time is in decaauts)
 A = Elapsed time spent in this place.
 B = Non-inter-level travel time spent in this place.
 C = Inter-level travel time spent in this place.
 D = Time resting spent in this place.
 E = Time spent auto-exploring this place.
 F = Levels seen in this place.
 G = Mean time per level.
                   A        B        C        D        E       F      G
               +--------+--------+--------+--------+--------+-----+--------+
         Total |  14858 |  14221 |    637 |   3502 |   7177 |  13 | 1142.9 |
       Dungeon |  14840 |  14203 |    637 |   3502 |   7177 |  12 | 1236.7 |
          Lair |     18 |     18 |      0 |      0 |      0 |   1 |   18.0 |
               +--------+--------+--------+--------+--------+-----+--------+

Top non-repeatable levels by time:
    D:11: 1804 daAuts
    D:10: 1708 daAuts
     D:9: 1532 daAuts
     D:3: 1530 daAuts
     D:2: 1478 daAuts
     D:4: 1388 daAuts
     D:6: 1375 daAuts
     D:8: 1181 daAuts
     D:5: 1147 daAuts
     D:1: 872 daAuts
     D:7: 791 daAuts
    D:12: 28 daAuts
  Lair:1: 18 daAuts
